 Dungeon Crawl Stone Soup version 0.18.1-6-gd335043 (webtiles) character file.

43122 epen the Severer (level 14, -2/109 HPs)
             Began as a Hill Orc Gladiator on May 15, 2016.
             Was the Champion of Beogh.
             Slain by a manticore (9 damage)
             ... on level 8 of the Lair of Beasts.
             The game lasted 00:52:46 (20722 turns).

epen the Severer (Hill Orc Gladiator)              Turns: 20722, Time: 00:52:47

Health: -2/109     AC: 25    Str: 21    XL:     14   Next: 22%
Magic:  21/24      EV: 10    Int:  6    God:    Beogh [******]
Gold:   1086       SH:  0    Dex: 11    Spells: 0 memorised, 13 levels left

rFire  . . .     SeeInvis +     l - +3 hand axe (elec)
rCold  . . .     Gourm    .     Y - +0 plate armour
rNeg   . . .     Faith    +     (no shield)
rPois  .         Spirit   .     D - +2 hat {SInv}
rElec  .         Dismiss  .     s - +0 cloak
rCorr  .         Reflect  .     E - +0 pair of gloves
SustAt .         Harm     .     V - +2 pair of boots
MR     +....     Rnd*Rage +     i - amulet of faith
Stlth  ..........               (no ring)
                                (no ring)

@: somewhat resistant to hostile enchantments, extremely unstealthy
A: walk on water, berserk 1, blurry vision 2, dopey 1, frail 1, regeneration 1,
weak 1
a: Smiting, Recall Orcish Followers, Give Item to Named Follower, Resurrection,
Renounce Religion


You were on level 8 of the Lair of Beasts.
You worshipped Beogh.
Beogh was exalted by your worship.
You were not hungry.

You visited 2 branches of the dungeon, and saw 19 of its levels.

You collected 1182 gold pieces.
You spent 96 gold pieces at shops.

Inventory:

Hand Weapons
 l - a +3 hand axe of electrocution (weapon)
 O - a +0 battleaxe
Missiles
 d - a throwing net (quivered)
Armour
 s - a +0 cloak (worn)
 D - a +2 hat of see invisible (worn)
 E - a +0 pair of gloves (worn)
 V - a +2 pair of boots (worn)
 Y - a +0 plate armour (worn)
Jewellery
 i - an amulet of faith (around neck)
Wands
 a - a wand of disintegration (11/24)
 q - a wand of confusion (28/48)
 y - a wand of lightning (15/15)
Scrolls
 c - a scroll of amnesia
 e - 5 scrolls of remove curse
 h - 2 scrolls of fog
 o - 2 scrolls of enchant armour
 u - 3 scrolls of recharging
 x - 10 scrolls of teleportation
 z - a scroll of fear
 G - a scroll of enchant weapon
 Z - a scroll of blinking
Potions
 g - a potion of cancellation
 j - 2 potions of might
 k - a potion of magic
 n - a potion of lignification
 r - 8 potions of ambrosia
 v - a potion of haste
 w - 2 potions of brilliance
 B - 2 potions of invisibility
 H - 3 potions of agility
 K - 2 potions of curing
 T - a potion of cure mutation {unknown}
Comestibles
 b - 11 chunks of flesh
 f - 5 bread rations
 p - a slice of pizza
 I - 4 meat rations
 L - 3 fruits
 M - 2 beef jerkies
 P - a royal jelly


   Skills:
 + Level 10.8 Fighting
 * Level 15.7 Axes
 - Level 1.7 Throwing
 + Level 9.2 Armour
 * Level 11.0 Dodging
 * Level 14.6 Invocations


You had 13 spell levels left.
You didn't know any spells.

Dungeon Overview and Level Annotations

Branches:
Dungeon (11/15)            Temple (0/1) D:6            Lair (8/8) D:11
  Swamp (0/4) Lair:4       Spider (0/4) Lair:6        Slime (0/6) Lair:6
    Orc (0/2) D:11

Altars:
Cheibriados
Fedhas
Kikubaaqudgha
Pakellas
Sif Muna
Xom
Jiyva

Shops:
D:4 !   D:5 (   D:7 *   D:8 [   D:9 =

Annotations:
D:4 no0bjke's ghost, amateur GrBe
D:11 Yehuk's ghost, journeyman GrFi


Innate Abilities, Weirdness & Mutations

You can walk on water.
You tend to lose your temper in combat.
Scrolls take you longer to read.
You are dopey. (Int -2)
You are frail (-10% HP).
Your natural rate of healing is unusually fast.
You are weak. (Str -2)


Message History

Okay, then.
Read which item? (? for menu, Esc to quit)
Okay, then.
Drink which item? (? for menu, Esc to quit)
Okay, then.
Read which item? (? for menu, Esc to quit)
Okay, then.
Evoke which item? (* to show all) (? for menu, Esc to quit)
Okay, then.
Drink which item? (? for menu, Esc to quit)
Okay, then.
You swap places.
Grimold blocks the four-headed hydra's attack.
The four-headed hydra closely misses Grimold.
The four-headed hydra bites Grimold.
Grimold blocks the four-headed hydra's attack.
The manticore completely misses you.
The manticore claws you but does no damage.
The manticore claws you!
You die...

#......P.P#.......P....P.....#...
#.#.P..#P.####..###...###..####..
#.#...##### #### ########## ##.
##...##.# # ## ####.P.##### ###
#......## #P #. .##......#.# ##..
#P....## #..#. .##.......## #...
##....# ##..#$#.#.........####..
##..## #....#†##...†÷....P##...
##...## ###...Y.@..#.##.....###..
#.....# #.P....oHY.#.#.#.....##..
.#...## ###...HDl..#...#....P##..
.....## #....#..##...#...######
....#.# ####...########...#...#
....o## ..#.$ #P....#...# .....##
#.....[ #.....#.#(# ##....#
####..... ##....#†.##
###.#.####P#### .... #..........


You could see a catoblepas, a four-headed hydra, an elephant, a griffon, a
manticore, a komodo dragon (petrified) and the friendly Grimold the orc warlord.

Vanquished Creatures
  Gastronok (D:8)
  A salamander stormcaller (D:11)
  A hydra (Lair:3)
  2 death yaks
  A queen ant (Lair:8)
  An unseen horror (D:10)
  A manticore (Lair:8)
  A black mamba (Lair:3)
  5 spiny frogs
  A torpor snail (Lair:8)
  6 rime drakes
  A kobold demonologist (D:11)
  9 komodo dragons
  A troll (D:11)
  A polar bear (Lair:5)
  Grinder (D:4)
  A two-headed ogre (D:9)
  12 blink frogs
  A redback (Lair:6)
  19 yaks
  A hungry ghost (D:7)
  4 basilisks
  6 hippogriffs
  A steam dragon (D:9)
  4 swamp worms (Lair:4)
  Duvessa (D:7)
  6 soldier ants (Lair:8)
  12 water moccasins
  6 porcupines
  2 orc warriors
  3 black bears
  2 phantoms
  An ice beast (D:9)
  5 ogres
  11 wolves
  6 centaurs
  6 crocodiles
  3 big kobolds
  14 giant frogs
  Dowan (D:7)
  10 killer bees (D:8)
  3 howler monkeys
  9 wights
  An electric eel (Lair:3)
  4 crimson imps
  7 hounds
  4 jellies
  5 orc priests
  A giant frog skeleton (D:10)
  Jessica (D:3)
  6 iguanas
  6 orc wizards
  A hell rat (Lair:5)
  28 worker ants
  13 sheep
  4 gnolls (D:2)
  12 adders
  60 river rats
  A shadow imp (D:5)
  An ooze (D:3)
  3 adder skeletons
  6 worms
  A dart slug (D:2)
  5 giant geckos
  16 orcs
  2 ball pythons
  2 giant cockroaches
  5 goblins
  5 hobgoblins
  14 jackals
  10 kobolds
  2 quokkas
  4 bats
  A giant gecko skeleton (D:5)
  2 giant newts (D:1)
  5 rats
  A butterfly (Lair:5)
  8 fungi
  23 plants
454 creatures vanquished.

Vanquished Creatures (collateral kills)
  7 hydras
  4 death yaks
  A griffon (Lair:8)
  2 elephants (Lair:8)
  Joseph (D:10)
  A black mamba (Lair:7)
  8 spiny frogs
  4 rime drakes
  8 komodo dragons
  A jumping spider (Lair:6)
  5 blink frogs
  A boulder beetle (Lair:7)
  A wraith (Lair:1)
  12 yaks
  A wyvern (Lair:8)
  5 hippogriffs
  2 swamp worms (Lair:4)
  8 soldier ants (Lair:8)
  5 water moccasins
  3 porcupines
  A sky beast (D:11)
  9 wolves
  6 crocodiles
  4 giant frogs
  3 electric eels
  A hound (D:11)
  2 iguanas
  13 worker ants (Lair:8)
  6 sheep
  23 river rats
  An orc (D:9)
  A jackal (D:11)
  A bush (Lair:5)
  2 butterflies (Lair:6)
  2 fungi
  3 plants (Lair:5)
158 creatures vanquished.

Vanquished Creatures (others)
  An orc knight (D:11)
  2 orc wizards (D:10)
  10 orcs
  A fire vortex (D:11)
  12 fungi
  16 plants
42 creatures vanquished.

Grand Total: 654 creatures vanquished

Notes
Turn   | Place    | Note
--------------------------------------------------------------
     0 | D:1      | epen the Hill Orc Gladiator began the quest for the Orb.
     0 | D:1      | Reached XP level 1. HP: 18/18 MP: 1/1
   318 | D:1      | Reached XP level 2. HP: 25/25 MP: 2/2
   849 | D:2      | Reached XP level 3. HP: 11/30 MP: 3/3
  1138 | D:2      | Reached skill level 1 in Armour
  1154 | D:2      | Reached XP level 4. HP: 20/38 MP: 4/4
  1156 | D:2      | Reached skill level 5 in Axes
  2003 | D:3      | Reached XP level 5. HP: 27/45 MP: 5/5
  2211 | D:3      | Noticed Jessica
  2214 | D:3      | Killed Jessica
  2224 | D:3      | Became a worshipper of Beogh the Brigand
  2493 | D:3      | Reached skill level 1 in Invocations
  2829 | D:4      | Found Qaah's Distillery.
  2846 | D:4      | Bought a potion of curing for 36 gold pieces
  2846 | D:4      | Bought a potion of heal wounds for 60 gold pieces
  2948 | D:4      | Reached XP level 6. HP: 36/52 MP: 5/7
  3303 | D:4      | Noticed Grinder
  3326 | D:4      | Paralysed by Grinder for 6 turns
  3332 | D:4      | Killed Grinder
  3332 | D:4      | Reached skill level 6 in Axes
  3332 | D:4      | Reached XP level 7. HP: 15/59 MP: 7/9
  3337 | D:4      | Noticed no0bjke's ghost (amateur GrBe)
  4119 | D:5      | Entered Level 5 of the Dungeon
  4254 | D:5      | Found Suj Heamubah's Antique Weapon Boutique.
  4333 | D:5      | Found an oddly glowing altar of Pakellas.
  4345 | D:5      | Reached * piety under Beogh
  4473 | D:5      | Reached skill level 7 in Axes
  4516 | D:5      | Reached XP level 8. HP: 54/67 MP: 11/11
  4978 | D:5      | Reached skill level 5 in Invocations
  5248 | D:6      | Reached skill level 5 in Fighting
  5248 | D:6      | Reached skill level 5 in Dodging
  5554 | D:6      | Found a staircase to the Ecumenical Temple.
  5703 | D:6      | Reached skill level 8 in Axes
  5888 | D:6      | Gained mutation: Your spells are a little easier to cast, but a little less powerful. [potion of mutation]
  5888 | D:6      | Gained mutation: You tend to lose your temper in combat. [potion of mutation]
  5888 | D:6      | Gained mutation: You are dopey. (Int -2) [potion of mutation]
  5889 | D:6      | Gained mutation: You are weak. (Str -2) [potion of mutation]
  5889 | D:6      | Gained mutation: Scrolls take you a little longer to read. [potion of mutation]
  6045 | D:7      | Reached ** piety under Beogh
  6045 | D:7      | Reached XP level 9. HP: 75/75 MP: 13/13
  6116 | D:7      | Noticed Duvessa
  6125 | D:7      | Killed Duvessa
  6126 | D:7      | Noticed Dowan
  6151 | D:7      | Killed Dowan
  6228 | D:7      | Found Meroog's Assorted Antiques.
  6438 | D:7      | Reached skill level 9 in Axes
  6592 | D:8      | Found Vieddiuth's Antique Armour Shop.
  6618 | D:8      | Noticed Gastronok
  6625 | D:8      | Reached *** piety under Beogh
  7018 | D:8      | Found a deep blue altar of Sif Muna.
  7072 | D:8      | Killed Gastronok
  7072 | D:8      | Reached skill level 10 in Axes
  7072 | D:8      | Reached skill level 5 in Armour
  7072 | D:8      | Reached XP level 10. HP: 86/86 MP: 16/16
  7652 | D:9      | Found Etwa's Jewellery Boutique.
  8493 | D:9      | Reached skill level 11 in Axes
  8615 | D:9      | Found a snail-covered altar of Cheibriados.
  8625 | D:9      | Found a shimmering altar of Xom.
  8675 | D:10     | Entered Level 10 of the Dungeon
  8827 | D:10     | Reached XP level 11. HP: 78/94 MP: 18/18
  8953 | D:10     | Reached **** piety under Beogh
  9221 | D:10     | Noticed Joseph
  9233 | D:10     | Killed Joseph
  9233 | D:10     | Gained Dorog as an ally
  9233 | D:10     | Reached skill level 10 in Invocations
  9497 | D:11     | Found a staircase to the Orcish Mines.
  9614 | D:11     | Noticed a salamander stormcaller
  9622 | D:11     | Killed a salamander stormcaller
  9624 | D:11     | HP: 3/94 [something (20)]
  9624 | D:11     | Your ally Dorog died
  9988 | D:11     | Noticed Yehuk's ghost (journeyman GrFi)
  9991 | D:11     | Noticed a five-headed hydra
 10281 | D:10     | Noticed an unseen horror
 10304 | D:10     | Killed an unseen horror
 10328 | D:11     | Noticed a skeletal warrior
 10414 | D:11     | Found a blossoming altar of Fedhas.
 10847 | D:11     | Found a staircase to the Lair.
 10858 | Lair:1   | Entered Level 1 of the Lair of Beasts
 10981 | Lair:1   | Reached skill level 12 in Axes
 11353 | Lair:1   | Gained Grimold as an ally
 11377 | Lair:1   | Gained mutation: You are frail (-10% HP). [potion of mutation]
 11377 | Lair:1   | Gained mutation: Scrolls take you longer to read. [potion of mutation]
 12154 | Lair:1   | Reached ***** piety under Beogh
 12556 | Lair:2   | Reached XP level 12. HP: 66/92 MP: 20/20
 12804 | Lair:2   | Reached skill level 13 in Axes
 13924 | Lair:3   | Noticed an eight-headed hydra
 13930 | Lair:3   | Killed an eight-headed hydra
 15034 | Lair:4   | Gained mutation: Your natural rate of healing is unusually fast. [potion of mutation]
 15034 | Lair:4   | Lost mutation: Your spells are a little easier to cast, but a little less powerful. [potion of mutation]
 15595 | Lair:4   | Reached skill level 14 in Axes
 15614 | Lair:4   | Found a staircase to the Swamp.
 15621 | Lair:4   | Reached ****** piety under Beogh
 16204 | Lair:5   | Noticed a five-headed hydra
 16209 | Lair:5   | Reached XP level 13. HP: 80/100 MP: 22/22
 17058 | Lair:5   | Reached skill level 10 in Fighting
 17359 | Lair:5   | Reached skill level 10 in Dodging
 17740 | Lair:6   | Found a viscous altar of Jiyva.
 17740 | Lair:6   | Found a staircase to the Slime Pits.
 17932 | Lair:6   | Found a hole to the Spider Nest.
 18146 | Lair:6   | Found an ancient bone altar of Kikubaaqudgha.
 18493 | Lair:7   | Reached skill level 15 in Axes
 19627 | Lair:8   | Entered Level 8 of the Lair of Beasts
 20238 | Lair:8   | Reached XP level 14. HP: 109/109 MP: 20/24
 20306 | Lair:8   | Identified Hazxihonk's Volume of Destructive Evil Magic (You found it on level 8 of the Lair of Beasts)
 20722 | Lair:8   | Slain by a manticore

Skill      XL: |  1  2  3  4  5  6  7  8  9 10 11 12 13 14 |
---------------+-------------------------------------------+-----
Fighting       | 3 4 5 7 8 9 10 | 10.8
Armour         | 1 2 3 5 6 7 8 9 |  9.2
Axes           | 5 6 7 8 10 11 12 14 15 | 15.7
Dodging        | 3 4 5 6 7 8 9 10 11 | 11.0
Invocations    | 1 3 4 6 9 11 13 14 | 14.6
Throwing       | |  1.7

Action                   |  1- 3 |  4- 6 |  7- 9 | 10-12 | 13-15 || total
-------------------------+-------+-------+-------+-------+-------++-------
Melee: War axe           |    67 |       |       |       |       ||    67
       Hand axe          |     8 |   129 |   299 |   737 |   569 ||  1742
Throw: Throwing net      |       |       |     3 |     2 |       ||     5
Invok: Convert to Beogh  |       |     1 |       |       |       ||     1
       Smiting           |       |       |     1 |     4 |     6 ||    11
       Recall Orcish Fol |       |       |       |     1 |     1 ||     2
       Give Item to Name |       |       |       |     1 |       ||     1
  Use: Potion            |       |     3 |     3 |     5 |     1 ||    12
       Scroll            |       |       |    15 |     9 |     3 ||    27
 Stab: Held in net/web   |       |       |     2 |       |       ||     2
       Distracted        |       |       |       |     9 |     6 ||    15
  Eat: Chunk             |       |     5 |     6 |    25 |    18 ||    54
       Royal jelly       |       |     1 |       |     1 |       ||     2
       Meat ration       |       |       |     1 |     1 |       ||     2
       Pizza             |       |       |     1 |       |       ||     1
       Fruit             |       |       |       |     3 |       ||     3
Armor: Leather armour    |    33 |    16 |       |       |       ||    49
       Ring mail         |       |    20 |    88 |       |       ||   108
       Chain mail        |       |       |    25 |   331 |    47 ||   403
       Plate armour      |       |       |       |       |   221 ||   221
Dodge: Dodged            |    56 |    65 |   170 |   309 |   189 ||   789
